 Dungeon Crawl Stone Soup version 0.29.1-4-g47bece8355 (webtiles) character file.

Game seed: 2276888074179580721

163 LustLizard the Insei (level 5, -2/33 HPs)
             Began as an Octopode Transmuter on Dec 6, 2022.
             Splashed by a jelly's acid (5 damage)
             ... on level 4 of the Dungeon.
             The game lasted 00:07:10 (4200 turns).

LustLizard the Insei (Octopode Transmuter)          Turns: 4200, Time: 00:07:10

Health: -2/33      AC: -11   Str: 10    XL:     5   Next: 44%
Magic:  8/9        EV: 13    Int: 17    God:
Gold:   179        SH:  0    Dex: 12    Spells: 2/9 levels left

rFire   . . .      SeeInvis .     - Unarmed
rCold   . . .      Faith    .   (no shield)
rNeg    . . .      Spirit   .   (helmet currently unavailable)
rPois   .          Reflect  .   j - amulet of regeneration
rElec   .          Harm     .   (no ring)
rCorr   .          Rampage  .   (no ring)
Will    .....                   (no ring)
Stlth   ++........              (no ring)
HPRegen 0.91/turn               (no ring)
MPRegen 0.11/turn               (no ring)
                                (no ring)
                                (no ring)

@: appendages, corroded
A: tentacle spike 3, almost no armour, amphibious, 8 rings, camouflage 1,
gelatinous body 1, (nimble swimmer 1), tentacles
a: End Transformation


You were on level 4 of the Dungeon.
One of your tentacles had grown a beastly spike.
You visited 1 branch of the dungeon, and saw 4 of its levels.

You collected 189 gold pieces.
You spent 10 gold pieces at shops.

Inventory:

Missiles
 d - 29 stones
 o - 7 boomerangs
 s - a poisoned dart
Jewellery
 j - an amulet of regeneration (around mantle)
Wands
 f - a wand of quicksilver (10)
 t - a wand of flame (17)
Scrolls
 c - 5 scrolls of identify
 h - a scroll of acquirement {unknown}
 n - 2 scrolls of noise {unknown}
 p - 2 scrolls of poison {unknown}
 q - a scroll of fog {unknown}
 u - a scroll of summoning {unknown}
Potions
 a - a potion of lignification
 b - 2 potions of might
 e - 3 potions of heal wounds
 g - 2 potions of haste
 i - a potion of invisibility {unknown}
 k - a potion of magic {unknown}
 l - a potion of cancellation {unknown}
 m - a potion of degeneration {unknown}
 r - a potion of mutation {unknown}
 v - a potion of brilliance {unknown}


   Skills:
 - Level 1.0 Fighting
 + Level 1.4 Throwing
 - Level 2.0 Dodging
 + Level 3.6 Unarmed Combat
 + Level 2.9 Spellcasting
 * Level 3.6 Transmutations
 * Level 1.3 Ice Magic


You had 2 spell levels left.
You knew the following spells:

 Your Spells              Type           Power      Damage    Failure   Level
a - Beastly Appendage     Tmut           28%        N/A       4%          1
b - Wereblood             Tmut           14%        N/A       6%          2
c - Ice Form              Ice/Tmut       10%        N/A       54%         4

Your spell library contained the following spells:

 Spells                   Type           Power      Damage    Failure   Level
 Slow                     Hex            8%         N/A       19%         1
 Spider Form              Tmut/Pois      8%         N/A       26%         3
 Confusing Touch          Hex            2%         N/A       47%         3
 Gell's Gravitas          Tloc           2%         N/A       47%         3
 Teleport Other           Tloc           2%         N/A       47%         3
 Vampiric Draining        Necr           2%         2d6       47%         3
 Fulminant Prism          Conj/Hex       1%         3d6       87%         4
 Iskenderun's Mystic Bla  Conj/Tloc      2%         2d3       87%         4
 Lee's Rapid Deconstruct  Erth           1%         3d5*      99%         5
 Dispersal                Tloc           1%         N/A       100%        6


Dungeon Overview and Level Annotations

Branches:
Dungeon (4/15)
 Temple: D:4-7

Altars:

Shops:
D:1 (

Annotations:
D:4 1 runed translucent door


Innate Abilities, Weirdness & Mutations

One of your tentacles has grown a beastly spike.
You cannot wear most types of armour.
You are amphibious.
You can wear up to eight rings at the same time.
Your skin changes colour to match your surroundings (Stealth+).
Your rubbery body absorbs attacks. (AC +1, EV +1)
((You are camouflaged when in or above water. (Stealth+)))
You have tentacles for arms and can constrict up to eight enemies at once.


Message History

The giant cockroach barely misses you.
You tentacle-slap the giant cockroach.
You kill the giant cockroach!
HP restored.
Key pressed, stopping explore.
No target in view!
p - 2 scrolls labelled JAORGH AQUKY (gained 1)
There is a stone staircase leading down here.
Found an escape hatch in the ceiling.
An orc comes into view. It is wielding a +0 trident.
Found a runed translucent door.
One of your tentacles grows a vicious spike.
The helpless orc fails to defend itself.
You tentacle-slap the orc. You grab the orc.
You pierce the orc.
You kill the orc!
No target in view!
Found a stone staircase leading up.
Your transformation is almost over.
There is a stone staircase leading up here.
Your tentacle spike disappears.
Found a club.
You see here a +0 club.
A jelly comes into view.
A jelly is nearby!
One of your tentacles grows a vicious spike.
The helpless jelly fails to defend itself.
You tentacle-slap the jelly.
Your tentacles burn!
You pierce the jelly.
The jelly is heavily wounded.
The jelly hits you. The acid corrodes you!
You are splashed with acid!
You tentacle-slap the jelly but do no damage.
The acid corrodes you!
Your tentacles burn!
The jelly is heavily wounded.
You tentacle-slap the jelly.
Your tentacles burn!
Your tentacle spike misses the jelly.
The jelly is heavily wounded.
The jelly hits you. The acid corrodes you!
You are splashed with acid!
* * * LOW HITPOINT WARNING * * *
You tentacle-slap the jelly but do no damage.
The acid corrodes you!
Your tentacles burn!
You die...

# # ########
.....>.# ######.##
..<.....# ####
######..# #.. #..#
#J# #..# #@# ....
#.# #..## #.# #..#
#.# #..# #.# # #.#
..## #######.#
##.. ###.......#
...#####..)..#####


You could see a jelly.

Vanquished Creatures
  An orc priest (D:3)
  3 adders (D:2)
  An ufetubus (D:4)
  3 worms
  3 dart slugs
  10 orcs
  4 endoplasms
  2 giant cockroaches
  6 goblins
  7 hobgoblins
  4 jackals (D:2)
  6 kobolds
  5 quokkas
  10 ball pythons
  6 bats
  3 frilled lizards
  2 rats (D:3)
76 creatures vanquished.

Notes
Turn   | Place    | Note
-------+----------+-------------------------------------------
     0 | D:1      | LustLizard the Octopode Transmuter began the quest for the
                  | Orb.
     0 | D:1      | Reached XP level 1. HP: 13/13 MP: 3/3
   173 | D:1      | Reached XP level 2. HP: 12/18 MP: 3/5
   292 | D:1      | Learned a level 2 spell: Wereblood
   767 | D:1      | Found Fuichil's Weapon Shoppe.
   794 | D:1      | Bought 2 poisoned darts for 10 gold pieces
  1467 | D:2      | Reached XP level 3. HP: 20/23 MP: 3/6
  1915 | D:2      | Reached XP level 4. HP: 20/28 MP: 5/7
  2039 | D:2      | Learned a level 4 spell: Ice Form
  2049 | D:2      | Reached skill level 1 in Throwing
  3334 | D:3      | Identified the +0 robe "Raxoriddam" {Str+4}
  3379 | D:3      | Reached skill level 1 in Ice Magic
  3379 | D:3      | Reached XP level 5. HP: 8/33 MP: 7/9
  3458 | D:3      | Found a faded altar of an unknown god.
  4143 | D:4      | Found a runed translucent door.
  4200 | D:4      | Splashed by a jelly's acid

Illustrated notes

Levels and vault maps discovered:
D:1:      lightli_arrival_farm, layout_loops_corners, serial_shops, shop,
          minmay_pentomino_o4
D:2:      layout_basic, minmay_3d_cube
D:3:      layout_basic, dreamdust_ecumenical_altar_hidden_monk_grotto,
          eino_curves_01
D:4:      layout_loops_ring, zin_academy, ebering_ghost_inner_flame

Skill      XL: |  1  2  3  4 |
---------------+-------------+-----
Transmutations | 3 |  3.6
Throwing       | 1 |  1.4
Ice Magic      | 1 |  1.3
Fighting       | |  1.0
Dodging        | |  2.0
Unarmed Combat | |  3.6
Spellcasting   | |  2.9

Action                   |  1- 3 |  4- 6 || total
-------------------------+-------+-------++-------
Melee: Unarmed           |    68 |    85 ||   153
       Kick              |    16 |    20 ||    36
       Constrict         |    18 |    28 ||    46
       Tentacles         |    14 |    20 ||    34
       Punch             |     2 |     1 ||     3
Throw: Boomerang         |       |     4 ||     4
       Dart              |       |     2 ||     2
       Stone             |       |     2 ||     2
 Cast: Beastly Appendage |    24 |    21 ||    45
       Wereblood         |     1 |     3 ||     4
  Use: Scroll            |       |     3 ||     3
 Stab: Sleeping          |     5 |     4 ||     9
Armor: Skin              |     2 |     2 ||     4
Dodge: Dodged            |    42 |    35 ||    77
